 Dungeon Crawl Stone Soup version 0.21.1-1-g345015fe64 (webtiles) character file.

115 Holzbalken the Cudgeler (level 5, 0/32 HPs)
             Began as a Gargoyle Monk on July 15, 2018.
             Killed by nerve-wracking pain
             ... invoked by Grinder
              (3 damage)
             ... while paralysed by Grinder
             ... on level 3 of the Dungeon.
             The game lasted 00:08:54 (2884 turns).

Holzbalken the Cudgeler (Gargoyle Monk)             Turns: 2884, Time: 00:08:56

Health: 0/32       AC: 14    Str: 16    XL:     5   Next: 0%
Magic:  5/5        EV:  2    Int: 10    God:
Gold:   175        SH:  0    Dex: 12    Spells: 4/4 levels left

rFire    . . .     SeeInvis .   a - +0 mace
rCold    . . .     Gourm    .   (no shield)
rNeg     + . .     Faith    .   d - +0 chain mail
rPois    ∞         Spirit   .   r - +0 helmet
rElec    +         Reflect  .   (no cloak)
rCorr    .         Harm     .   k - +0 pair of gloves
MR       .....                  (no boots)
Stlth    ..........             (no amulet)
HPRegen  0.10/turn              p - ring of poison resistance
MPRegen  0.09/turn              (no ring)

@: paralysed
A: negative energy resistance 1, electricity resistance, unbreathing,
petrification resistance, rot immunity, AC +4
a: no special abilities


You were on level 3 of the Dungeon.
You were not hungry.

You visited 1 branch of the dungeon, and saw 3 of its levels.

You collected 175 gold pieces.

Inventory:

Hand Weapons
 a - a +0 mace (weapon)
Armour
 b - a +0 robe
 d - a +0 chain mail (worn)
 k - a +0 pair of gloves (worn)
 r - a +0 helmet (worn)
Jewellery
 p - a ring of poison resistance (left hand)
Scrolls
 h - 4 scrolls of teleportation {unknown}
 i - a scroll of remove curse {unknown}
 j - a scroll of noise {unknown}
 l - 2 scrolls of identify {unknown}
Potions
 e - a potion of brilliance {unknown}
 f - 4 potions of curing {unknown}
 g - a potion of magic {unknown}
 m - 2 potions of heal wounds {unknown}
 o - a potion of agility {unknown}
 q - a potion of ambrosia {unknown}
 s - a potion of lignification {unknown}
Comestibles
 c - 10 rations
 n - 9 chunks of flesh


   Skills:
 - Level 3.3 Fighting
 + Level 5.4 Maces & Flails
 - Level 2.5 Dodging
 - Level 2.2 Stealth


You had 4 spell levels left.
You didn't know any spells.

Dungeon Overview and Level Annotations

Branches:
Dungeon (3/15)

Altars:
Sif Muna

Annotations:
D:3 Grinder, Natasha


Innate Abilities, Weirdness & Mutations

You are resistant to torment.
Your stone body is resilient. (AC +4)
You are immune to poison.
You resist negative energy. (rN+)
You are resistant to electric shocks. (rElec)
You can survive without breathing.
You are immune to petrification.
You are immune to rotting.


Message History

Grinder barely misses you.
You hit Grinder.
Grinder is heavily wounded.
The white imp barely misses you.
The white imp hits you but does no damage.
Grinder gestures at you.
You suddenly lose the ability to move!
The worm bites you.
The shadow imp disappears in a puff of smoke!
The white imp hits you but does no damage.
The white imp gestures at you.
Helpless, you fail to dodge the puff of frost.
* * * LOW HITPOINT WARNING * * *
Grinder hits you but does no damage.
The white imp hits you but does no damage.
The white imp gestures at you. The puff of frost hits you!
* * * LOW HITPOINT WARNING * * *
Grinder gestures at you. Pain shoots through your body!
You die...

. .♣ ♣♣♣ ♣. ..♣
. ♣.♣♣ .♣♣
...♣♣§.♣ ♣w55h♣
♣♣♣♣♣ ♣@♣♣
♣♣...♣♣ ♣♣♣5♣
♣.....♣ ♣..♣♣
♣. ♣.....♣♣♣
♣.♣♣ ...
♣♣......♣ ♣.♣♣
♣♣♣♣...
♣.♣.♣♣.♣♣
♣♣[♣♣♣♣....♣
♣♣♣♣♣♣)♣♣
♣♣.....♣♣
♣♣)♣♣♣ ♣♣♣♣...♣
♣♣()♣♣♣
♣♣...♣♣♣♣♣♣♣♣♣♣


You could see Grinder, a worm, Natasha and 2 white imps.

Vanquished Creatures
  Robin (D:3)
  3 adders
  A worm (D:2)
  4 dart slugs
  A leopard gecko (D:2)
  5 giant cockroaches
  10 hobgoblins
  3 ball pythons
  10 bats
  2 frilled lizards (D:2)
  12 goblins
  11 kobolds
  2 rats
65 creatures vanquished.

Notes
Turn   | Place    | Note
-------+----------+-------------------------------------------
     0 | D:1      | Holzbalken the Gargoyle Monk began the quest for the Orb.
     0 | D:1      | Reached XP level 1. HP: 14/14 MP: 1/1
   286 | D:1      | Reached XP level 2. HP: 19/19 MP: 2/2
   966 | D:1      | Reached skill level 4 in Maces & Flails
   966 | D:1      | Reached XP level 3. HP: 16/23 MP: 3/3
  1786 | D:2      | Found a deep blue altar of Sif Muna.
  1914 | D:2      | Reached XP level 4. HP: 23/28 MP: 4/4
  2584 | D:3      | Reached skill level 5 in Maces & Flails
  2778 | D:3      | Noticed Robin
  2807 | D:3      | Killed Robin
  2861 | D:3      | Noticed Grinder
  2869 | D:3      | Noticed Natasha
  2875 | D:3      | Reached XP level 5. HP: 29/32 MP: 5/5
  2882 | D:3      | Paralysed by Grinder for 7 turns
  2884 | D:3      | Killed from afar by Grinder

Skill      XL: |  1  2  3  4 |
---------------+-------------+-----
Maces & Flails | 4 5 |  5.4
Fighting       | |  3.3
Dodging        | |  2.5
Stealth        | |  2.2

Action                   |  1- 3 |  4- 6 || total
-------------------------+-------+-------++-------
Melee: Mace              |   138 |   116 ||   254
  Eat: Chunk             |     3 |     4 ||     7
Armor: Chain mail        |    89 |    93 ||   182
Dodge: Dodged            |    51 |    55 ||   106
